 Dungeon Crawl Stone Soup version 0.26-a0-753-g4680b4fa2e (webtiles) character file.

Game seed: 17996084111672725418

189 Forecaster the Stinger (level 5, -3/42 HPs)
             Began as a Naga Venom Mage on Nov 7, 2020.
             Slain by Grinder (8 damage)
             ... while paralysed by Grinder
             ... on level 3 of the Dungeon.
             The game lasted 00:13:52 (3617 turns).

Forecaster the Stinger (Naga Venom Mage)            Turns: 3617, Time: 00:13:53

Health: -3/42      AC:  3    Str: 16    XL:     5   Next: 68%
Magic:  4/10       EV:  1    Int: 17    God:
Gold:   147        SH:  0    Dex: 11    Spells: 8/11 levels left

rFire    . . .     SeeInvis +   w - +4 mace (vorpal)
rCold    . . .     Faith    .   (no shield)
rNeg     . . .     Spirit   .   p - +0 robe
rPois    +         Reflect  .   (helmet restricted)
rElec    .         Harm     .   c - +0 cloak
rCorr    .         Rampage  .   (no gloves)
MR       +....                  (no barding)
Stlth    ++........             (no amulet)
HPRegen  0.14/turn              f - +6 ring of strength
MPRegen  0.12/turn              h - ring of protection from magic

@: paralysed, mighty, very slow
A: large, antennae 1, see invisible, deformed body, poison resistance, slowness
2, spit poison 1, AC +1
a: Spit Poison


You were on level 3 of the Dungeon.
You visited 1 branch of the dungeon, and saw 3 of its levels.

You collected 147 gold pieces.

Inventory:

Hand Weapons
 d - a +0 short sword
 e - a +0 dagger
 k - a +0 dagger of freezing
 u - a +0 quarterstaff
 w - a +4 vorpal mace (weapon)
 y - a +2 hand axe of flaming
Missiles
 v - 12 poisoned darts (quivered)
Armour
 a - a +0 robe
 c - a +0 cloak (worn)
 p - a +0 robe (worn)
Jewellery
 f - a +6 ring of strength (left hand)
 h - a ring of protection from magic (right hand)
 n - an uncursed ring of see invisible
Scrolls
 b - a scroll of blinking {unknown}
 j - 3 scrolls of amnesia {unknown}
 l - 2 scrolls of enchant weapon {unknown}
 m - 2 scrolls of fog {unknown}
 o - 6 scrolls of identify {unknown}
 t - a scroll of remove curse {unknown}
 x - a scroll of immolation {unknown}
Potions
 i - a potion of attraction {unknown}
 r - a potion of resistance {unknown}
 s - a potion of heal wounds {unknown}
 z - a potion of lignification {unknown}


   Skills:
 + Level 0.1 Fighting
 + Level 0.1 Short Blades
 + Level 0.4 Maces & Flails
 + Level 1.9 Dodging
 + Level 3.5 Stealth
 + Level 3.5 Spellcasting
 + Level 1.0 Transmutations
 + Level 1.6 Air Magic
 + Level 5.7 Poison Magic


You had 8 spell levels left.
You knew the following spells:

 Your Spells              Type           Power        Failure   Level
a - Sting                 Tmut/Pois      ##..         4%          1
b - Poisonous Vapours     Pois/Air       ###...       5%          2

Your spell library contained the following spells:

 Spells                   Type           Power        Failure   Level
 Olgreb's Toxic Radiance  Pois           ###.....     16%         4
 Mephitic Cloud           Conj/Pois/Air  ##......     19%         3
 Ignite Poison            Fire/Tmut/Pois ##......     21%         3


Dungeon Overview and Level Annotations

Branches:
Dungeon (3/15)

Altars:
Nemelex Xobeh

Annotations:
D:3 Grinder


Innate Abilities, Weirdness & Mutations

You cannot wear boots.
Your serpentine skin is tough. (AC +1)
You have supernaturally acute eyesight. (SInv)
Armour fits poorly on your strangely shaped body.
Your system is resistant to poisons. (rPois)
You cover ground very slowly.
You can spit poison.
You have a pair of small antennae on your head.


Message History

You kill the bat!
Grinder gestures at you. You resist with almost no effort.
You barely miss Grinder. Grinder hits you.
You writhe in agony.
Grinder hits you.
* * * LOW HITPOINT WARNING * * *
You writhe in agony.
* * * LOW HITPOINT WARNING * * *
You barely miss Grinder. Grinder closely misses you.
It was a potion of might.
You feel very mighty all of a sudden. Grinder closely misses you.
It was a potion of mutation.
You feel extremely strange. A pair of antennae grows on your head!
Grinder gestures at you.
You suddenly lose the ability to move!
Grinder gestures at you.
You shrug off the repeated paralysis!
Grinder hits you!
You die...

....... ..... .......
#.... ### .....#.
###....##.. .......
.......?#.##############
.........[<#.†..........
........#..#'###########
........†...)..........
......5@.##............
......##...............
..... ####.)..........
.... #............
......#####............
..)....Z)([............
# ##...................
#...................
#...K...#####...####


You could see Grinder.

Vanquished Creatures
  A bullfrog skeleton (D:2)
  Robin (D:2)
  A gnoll (D:1)
  4 adders
  An ooze (D:1)
  An adder zombie (D:3)
  A worm (D:2)
  2 dart slugs
  6 leopard geckos
  4 orcs (D:3)
  6 bats
  3 giant cockroaches
  18 goblins
  9 hobgoblins
  5 jackals
  A ball python (D:1)
  5 frilled lizards
  5 kobolds
  8 rats
82 creatures vanquished.

Notes
Turn   | Place    | Note
-------+----------+-------------------------------------------
     0 | D:1      | Forecaster the Naga Venom Mage began the quest for the Orb.
     0 | D:1      | Reached XP level 1. HP: 15/15 MP: 3/3
   152 | D:1      | Reached XP level 2. HP: 22/22 MP: 1/5
   212 | D:1      | Learned a level 2 spell: Poisonous Vapours
   685 | D:1      | Reached XP level 3. HP: 25/28 MP: 6/6
  1584 | D:2      | Reached skill level 5 in Poison Magic
  1646 | D:2      | Reached XP level 4. HP: 36/36 MP: 2/7
  1796 | D:2      | Found a sparkling altar of Nemelex Xobeh.
  1871 | D:2      | Reached skill level 1 in Air Magic
  2530 | D:2      | Noticed Robin
  2599 | D:2      | Killed Robin
  2938 | D:2      | Reached XP level 5. HP: 18/42 MP: 8/10
  3608 | D:3      | Noticed Grinder
  3615 | D:3      | Gained mutation: You have a pair of small antennae on your
                  | head. [potion of mutation]
  3615 | D:3      | Paralysed by Grinder for 4 turns
  3617 | D:3      | Slain by Grinder

Illustrated notes

Levels and vault maps discovered:
D:1:      erik_arrival_cave_to_civilisation [erik_arrival_cave_to_hall],
          layout_basic, nrook_mini_backslash
D:2:      layout_basic, nemelex_altar_shiori, uniq_robin
D:3:      layout_basic, uniq_grinder

Skill      XL: |  1  2  3  4 |
---------------+-------------+-----
Poison Magic   | 5 |  5.7
Air Magic      | 1 |  1.6
Spellcasting   | 3 |  3.5
Fighting       | |  0.1
Short Blades   | |  0.1
Maces & Flails | |  0.4
Dodging        | |  1.9
Stealth        | |  3.5
Transmutations | |  1.0

Action                   |  1- 3 |  4- 6 || total
-------------------------+-------+-------++-------
Melee: Dagger            |    33 |    26 ||    59
       Short sword       |     1 |       ||     1
       Mace              |       |    25 ||    25
 Cast: Sting             |    10 |       ||    10
       Poisonous Vapours |    24 |    54 ||    78
  Use: Potion            |       |     2 ||     2
 Stab: Sleeping          |     2 |       ||     2
Armor: Robe              |    10 |     6 ||    16
       Skin              |     3 |       ||     3
Dodge: Dodged            |    35 |    30 ||    65

Table legend: (Time is in decaauts)
 A = Elapsed time spent in this place.
 B = Non-inter-level travel time spent in this place.
 C = Inter-level travel time spent in this place.
 D = Time resting spent in this place.
 E = Time spent auto-exploring this place.
 F = Levels seen in this place.
 G = Mean time per level.
                   A        B        C        D        E       F      G
               +--------+--------+--------+--------+--------+-----+--------+
         Total |   4249 |   4172 |     77 |    823 |   2592 |   3 | 1416.3 |
       Dungeon |   4249 |   4172 |     77 |    823 |   2592 |   3 | 1416.3 |
               +--------+--------+--------+--------+--------+-----+--------+

Top non-repeatable levels by time:
     D:2: 1972 daAuts
     D:1: 1775 daAuts
     D:3: 501 daAuts
